General information
- name: BNet
- type: Ladder team game (AT/RT)
- host: Battle.net
- saver: VaIi
map: Mur'gulOasis
- players: 8
- length: 34:56
- speed: Fast
- version: 1.26 W3XP
- replay type: Public
» download(181 KB)
Players
team 1 (winner)

»
Fardado (
pink | 47 APM | 1008 actions | 21:19)
5 Blademaster
3 Critical Strike
2 Wind Walk
» actions
| Assign group hotkey | 21 | |
| Basic commands | 47 | |
| Build / train | 54 | |
| Enter build submenu | 26 | |
| Enter hero's abilities submenu | 5 | |
| Give item / drop item | 1 | |
| Remove unit from queue | 6 | |
| Right click | 379 | |
| Select / deselect | 254 | |
| Select group hotkey | 170 | |
| Use ability | 45 | |
1008 total
» units
| Peon | 8 | |
| Grunt | 10 | |
| Raider | 6 | |
| Shaman | 2 | |
| Demolisher | 1 | |
27 total
» upgrades
| Armor | 2 | |
| Melee Weapons | 2 | |
| Berserker Strength | 1 | |
| Pillage | 1 | |
| Ensnare | 1 | |
| Shaman Training | 2 | |
| Reinforced Defenses | 1 | |
10 total
» buildings
| Orc Burrow | 10 | |
| Barracks | 3 | |
| Altar of Storms | 1 | |
| War Mill | 1 | |
| Voodoo Lounge | 1 | |
| Watch Tower | 2 | |
| Stronghold | 1 | |
| Beastiary | 2 | |
| Fortress | 1 | |
| Spirit Lodge | 1 | |
23 total
» build order
00:10 Orc Burrow
00:13 Barracks
00:21 Barracks
00:39 Altar of Storms
01:06 Barracks
01:34 Orc Burrow
02:12 War Mill
02:38 Orc Burrow
03:24 Voodoo Lounge
03:39 Watch Tower
04:45 Stronghold
04:59 Watch Tower
07:44 Beastiary
07:47 Beastiary
07:53 Orc Burrow
08:32 Orc Burrow
09:42 Orc Burrow
10:02 Orc Burrow
10:18 Orc Burrow
10:27 Orc Burrow
11:41 Fortress
12:49 Spirit Lodge
13:40 Orc Burrow
» items
| Healing Salve | 1 | |
| Scroll of Town Portal | 1 | |
| Orb of Lightning | 1 | |
3 total

»
AUDUSD (
green | 36 APM | 1260 actions | 34:55)
4 Tauren Chieftain
2 Shockwave
2 Endurance Aura
» actions
| Assign group hotkey | 36 | |
| Basic commands | 37 | |
| Build / train | 56 | |
| ESC pressed | 1 | |
| Enter build submenu | 12 | |
| Enter hero's abilities submenu | 4 | |
| Right click | 412 | |
| Select / deselect | 264 | |
| Select group hotkey | 366 | |
| Use ability | 72 | |
1260 total
» units
» upgrades
| Pillage | 1 | |
| Ensnare | 1 | |
| Armor | 2 | |
| Melee Weapons | 2 | |
| Berserker Strength | 1 | |
7 total
» buildings
| Orc Burrow | 5 | |
| Altar of Storms | 1 | |
| Barracks | 1 | |
| Voodoo Lounge | 1 | |
| Stronghold | 1 | |
| War Mill | 1 | |
| Beastiary | 3 | |
| Fortress | 1 | |
14 total
» build order
00:08 Orc Burrow
00:51 Altar of Storms
01:06 Barracks
01:27 Orc Burrow
01:54 Voodoo Lounge
02:51 Stronghold
04:11 War Mill
05:21 Beastiary
05:25 Beastiary
06:17 Orc Burrow
07:25 Beastiary
07:27 Orc Burrow
12:12 Orc Burrow
13:16 Fortress
» items
| Boots of Speed | 1 | |
| Scroll of Regeneration | 1 | |
| Potion of Healing | 1 | |
| Healing Salve | 4 | |
| Scroll of Town Portal | 3 | |
| Scroll of Speed | 4 | |
| Orb of Lightning | 1 | |
15 total
VaIi (
blue | 82 APM | 2853 actions | 34:56)
6 Blood Mage
3 Flame Strike
2 Siphon Mana
1 Banish
» actions
| Assign group hotkey | 114 | |
| Basic commands | 157 | |
| Build / train | 156 | |
| ESC pressed | 19 | |
| Enter build submenu | 33 | |
| Enter hero's abilities submenu | 6 | |
| Give item / drop item | 9 | |
| Right click | 1047 | |
| Select / deselect | 284 | |
| Select group hotkey | 874 | |
| Use ability | 154 | |
2853 total
» units
| Peasant | 15 | |
| Footman | 3 | |
| Gryphon Rider | 10 | |
| Dragonhawk Rider | 2 | |
30 total
» upgrades
| Masonry | 3 | |
| Swords | 3 | |
| Animal War Training | 1 | |
| Armor | 3 | |
| Storm Hammers | 1 | |
| Cloud | 1 | |
| Lumber Harvesting | 1 | |
| Plating | 1 | |
| Gunpowder | 1 | |
| Backpack | 1 | |
16 total
» buildings
| Altar of Kings | 1 | |
| Barracks | 2 | |
| Farm | 8 | |
| Lumber Mill | 1 | |
| Scout Tower | 15 | |
| Guard Tower | 29 | |
| Arcane Vault | 1 | |
| Keep | 6 | |
| Blacksmith | 1 | |
| Gryphon Aviary | 2 | |
| Castle | 2 | |
| Town Hall | 1 | |
69 total
» build order
00:53 Altar of Kings
00:55 Barracks
01:00 Barracks
01:02 Farm
01:04 Farm
01:10 Farm
01:41 Lumber Mill
02:01 Scout Tower
02:16 Farm
02:46 Guard Tower
02:47 Guard Tower
02:47 Guard Tower
03:07 Scout Tower
03:09 Scout Tower
03:35 Guard Tower
03:35 Guard Tower
03:36 Guard Tower
03:37 Guard Tower
03:45 Arcane Vault
03:58 Keep
03:58 Keep
04:52 Scout Tower
04:54 Scout Tower
05:23 Guard Tower
05:23 Guard Tower
05:24 Guard Tower
05:25 Guard Tower
05:27 Farm
05:45 Blacksmith
06:24 Gryphon Aviary
06:26 Gryphon Aviary
06:28 Castle
06:28 Castle
10:54 Farm
14:53 Town Hall
14:56 Scout Tower
14:57 Scout Tower
14:58 Scout Tower
14:59 Scout Tower
15:00 Scout Tower
15:01 Scout Tower
15:02 Scout Tower
15:03 Scout Tower
15:04 Scout Tower
15:08 Scout Tower
15:31 Guard Tower
15:32 Guard Tower
15:56 Guard Tower
15:57 Guard Tower
15:58 Guard Tower
15:58 Guard Tower
15:58 Guard Tower
17:04 Guard Tower
17:04 Guard Tower
17:04 Guard Tower
17:07 Farm
17:10 Farm
34:10 Keep
34:10 Keep
» items
| Potion of Invisibility | 2 | |
| Scroll of Town Portal | 2 | |
| Boots of Speed | 1 | |
| Staff of Teleportation | 1 | |
| Scroll of Regeneration | 3 | |
| Lesser Clarity Potion | 1 | |
| Mechanical Critter | 3 | |
| Staff of Sanctuary | 1 | |
| Tome of Retraining | 1 | |
| Scroll of Healing | 3 | |
| Potion of Lesser Invulnerability | 2 | |
| Scroll of Protection | 1 | |
21 total
starship-enterp (
yellow | 49 APM | 1712 actions | 34:55)
5 Archmage
3 Summon Water Elemental
2 Brilliance Aura
2 Mountain King
1 Storm Bolt
1 Bash
» actions
| Assign group hotkey | 47 | |
| Basic commands | 53 | |
| Build / train | 51 | |
| Enter build submenu | 15 | |
| Enter hero's abilities submenu | 7 | |
| Give item / drop item | 6 | |
| Right click | 723 | |
| Select / deselect | 243 | |
| Select group hotkey | 479 | |
| Use ability | 88 | |
1712 total
» units
| Peasant | 9 | |
| Footman | 5 | |
| Gryphon Rider | 4 | |
| Dragonhawk Rider | 1 | |
19 total
» upgrades
| Lumber Harvesting | 2 | |
| Masonry | 3 | |
| Animal War Training | 1 | |
| Cloud | 1 | |
| Storm Hammers | 1 | |
| Swords | 3 | |
| Armor | 2 | |
13 total
» buildings
| Altar of Kings | 1 | |
| Farm | 9 | |
| Barracks | 1 | |
| Scout Tower | 1 | |
| Arcane Tower | 1 | |
| Keep | 2 | |
| Lumber Mill | 1 | |
| Arcane Vault | 1 | |
| Castle | 1 | |
| Gryphon Aviary | 3 | |
| Blacksmith | 1 | |
22 total
» build order
00:10 Altar of Kings
00:27 Farm
00:38 Barracks
00:53 Farm
01:34 Farm
01:54 Scout Tower
02:51 Arcane Tower
02:53 Farm
03:26 Keep
03:46 Lumber Mill
04:28 Arcane Vault
06:02 Castle
06:04 Gryphon Aviary
06:46 Gryphon Aviary
07:32 Farm
07:32 Farm
07:34 Farm
07:34 Farm
07:36 Farm
08:18 Blacksmith
13:12 Gryphon Aviary
» items
| Scroll of Regeneration | 2 | |
| Lesser Clarity Potion | 2 | |
| Staff of Teleportation | 1 | |
| Potion of Lesser Invulnerability | 1 | |
6 total
team 2 (loser)
pbg12345 (
orange | 76 APM | 1299 actions | 16:59)
3 Demon Hunter
2 Mana Burn
1 Immolation
3 Naga Sea Witch
2 Frost Arrows
1 Forked Lightning
» actions
| Assign group hotkey | 27 | |
| Build / train | 56 | |
| Enter build submenu | 11 | |
| Enter hero's abilities submenu | 6 | |
| Give item / drop item | 1 | |
| Remove unit from queue | 2 | |
| Right click | 555 | |
| Select / deselect | 354 | |
| Select group hotkey | 216 | |
| Use ability | 71 | |
1299 total
» units
| Wisp | 13 | |
| Archer | 5 | |
| Dryad | 6 | |
| Druid of the Claw | 4 | |
28 total
» upgrades
| Druid of the Claw Training | 2 | |
| Reinforced Hides | 1 | |
| Abolish Magic | 1 | |
| Strength of the Wild | 1 | |
| Nature's Blessing | 1 | |
6 total
» buildings
| Altar of Elders | 1 | |
| Moon Well | 5 | |
| Ancient of War | 1 | |
| Tree of Ages | 1 | |
| Hunter's Hall | 1 | |
| Ancient of Lore | 2 | |
| Tree of Eternity | 1 | |
| Ancient of Wonders | 1 | |
13 total
» build order
00:19 Altar of Elders
00:34 Moon Well
00:48 Ancient of War
01:16 Moon Well
02:55 Tree of Ages
03:28 Moon Well
03:54 Moon Well
04:03 Hunter's Hall
05:41 Ancient of Lore
05:44 Ancient of Lore
07:26 Tree of Eternity
08:26 Ancient of Wonders
13:30 Moon Well
» items
| Dust of Appearance | 1 | |
| Scroll of Town Portal | 3 | |
| Boots of Speed | 1 | |
| Lesser Clarity Potion | 2 | |
| Staff of Preservation | 1 | |
| Potion of Healing | 2 | |
10 total

»
Motts (
red | 39 APM | 1355 actions | 34:55)
10 Mountain King
3 Storm Bolt
3 Bash
1 Avatar
3 Thunder Clap
» actions
| Basic commands | 61 | |
| Build / train | 63 | |
| Enter build submenu | 22 | |
| Enter hero's abilities submenu | 10 | |
| Right click | 647 | |
| Select / deselect | 493 | |
| Use ability | 59 | |
1355 total
» units
» upgrades
| Gunpowder | 3 | |
| Armor | 1 | |
| Long Rifles | 1 | |
5 total
» buildings
| Altar of Kings | 1 | |
| Farm | 15 | |
| Barracks | 2 | |
| Blacksmith | 1 | |
| Lumber Mill | 1 | |
| Arcane Vault | 1 | |
| Town Hall | 1 | |
| Keep | 1 | |
| Scout Tower | 11 | |
| Guard Tower | 8 | |
| Castle | 1 | |
43 total
» build order
00:14 Altar of Kings
00:23 Farm
01:31 Barracks
01:34 Blacksmith
01:42 Farm
02:29 Farm
03:29 Lumber Mill
04:20 Farm
04:21 Farm
04:42 Arcane Vault
05:04 Town Hall
06:01 Farm
06:48 Keep
06:52 Barracks
08:41 Farm
08:43 Farm
10:11 Scout Tower
10:12 Scout Tower
10:16 Scout Tower
10:18 Scout Tower
10:50 Guard Tower
11:02 Guard Tower
11:44 Guard Tower
11:48 Guard Tower
12:52 Castle
13:11 Farm
14:15 Scout Tower
14:15 Scout Tower
14:16 Scout Tower
14:22 Scout Tower
14:45 Guard Tower
14:50 Scout Tower
14:51 Scout Tower
14:52 Scout Tower
14:54 Guard Tower
15:54 Guard Tower
16:04 Guard Tower
20:12 Farm
20:12 Farm
20:12 Farm
24:10 Farm
24:10 Farm
» items
| Scroll of Regeneration | 2 | |
| Scroll of Town Portal | 1 | |
3 total
ahleen (
purple | 21 APM | 354 actions | 17:05)
1 Blademaster
1 Wind Walk
» actions
| Assign group hotkey | 1 | |
| Basic commands | 10 | |
| Build / train | 31 | |
| Enter build submenu | 20 | |
| Enter hero's abilities submenu | 1 | |
| Remove unit from queue | 1 | |
| Right click | 120 | |
| Select / deselect | 134 | |
| Use ability | 35 | |
354 total
» units
» upgrades
| Spiked Barricades | 3 | |
| Reinforced Defenses | 1 | |
4 total
» buildings
| Altar of Storms | 1 | |
| Orc Burrow | 4 | |
| War Mill | 1 | |
| Voodoo Lounge | 1 | |
| Watch Tower | 12 | |
| Stronghold | 1 | |
| Fortress | 1 | |
21 total
» build order
00:13 Altar of Storms
00:16 Orc Burrow
01:00 War Mill
01:07 Voodoo Lounge
01:48 Orc Burrow
03:08 Watch Tower
03:11 Watch Tower
04:17 Watch Tower
04:20 Watch Tower
04:24 Stronghold
05:23 Watch Tower
05:25 Watch Tower
05:28 Watch Tower
05:34 Orc Burrow
05:39 Orc Burrow
06:19 Watch Tower
06:33 Watch Tower
06:47 Fortress
07:58 Watch Tower
08:19 Watch Tower
08:23 Watch Tower
» items
| Healing Salve | 1 | |
| Potion of Healing | 2 | |
| Scroll of Speed | 1 | |
4 total
Chat log
(00:02 / Allies) starship-enterp: stay
(00:05 / Allies) Fardado: lol
(00:21 / Allies) starship-enterp: i meant stay cuz
(00:25 / Allies) starship-enterp: well nevermind
(00:29 / Allies) VaIi: all the fuckin leavers on bnnet?
(00:29 / Allies) Fardado: hahah
(00:31 / Allies) Fardado: got that
(01:44 / Allies) starship-enterp: how is ur day
(01:45 / Allies) starship-enterp: guys
(01:49 / Allies) starship-enterp: it is snowing here in australia
(01:53 / Allies) Fardado: oO
(01:54 / Allies) Fardado: is it?
(01:56 / Allies) Fardado: its summer
(01:56 / Allies) Fardado: wtf
(02:07 / Allies) starship-enterp: i live high in the mountains tho
(02:19 / Allies) Fardado: oh
(02:22 / Allies) Fardado: where u from
(02:34 / Allies) Fardado: which part
(02:34 / Allies) starship-enterp: close to melbourne
(02:36 / Allies) Fardado: of aust
(02:42 / Allies) Fardado: oh
(02:46 / Allies) Fardado: cool
(03:02 / Allies) Fardado: im trying a scholarship to study there
(03:04 / Allies) Fardado: in aust
(03:11 / Allies) Fardado: in the go8
(03:13 / Allies) Fardado: universities
(03:18 / All) Motts: am i lagging?
(03:22 / Allies) Fardado: im
(03:24 / All) VaIi: Level 1 harassing retard
(03:38 / All) Motts: ?
(03:52 / Allies) Fardado: but
(04:01 / Allies) Fardado: as im studying aerospace eng
(04:05 / Allies) Fardado: cant go to melbourne
(04:15 / Allies) Fardado: only uni which doesnt have the course
(04:18 / Allies) Fardado: between those 8
(04:28 / All) pbg12345: nj retard
(04:33 / All) Fardado: fuck
(04:35 / All) Fardado: u
(05:07 / All) Fardado: fuck u lagger
(05:08 / All) Fardado: LOL
(05:15 / All) Motts: sorry idk y i am lagging
(05:22 / All) Fardado: kidding
(05:24 / All) Fardado: no prob
(05:25 / All) Fardado: At all
(05:33 / All) Motts: prob gunna drop
(05:38 / All) Fardado: nah
(05:52 / Allies) Fardado: need help?
(05:52 / All) Motts: whats the lowest ive gotten
(06:00 / All) Fardado: 5sec
(06:05 / Allies) VaIi: purp trying to expo
(06:06 / All) Motts: oh fuck
(06:10 / Allies) Fardado: leave it blue
(06:19 / All) Fardado: hi red
(06:21 / All) Fardado: +p
(06:23 / All) Fardado: leave
(06:23 / All) Motts: hi
(06:23 / All) Fardado: plx
(06:37 / All) Fardado: sorry
(06:39 / All) Fardado: bout that
(06:49 / Allies) VaIi: Should have got his towers
(06:57 / Allies) Fardado: bllue
(06:58 / Allies) Fardado: wake up
(07:01 / Allies) VaIi: ?
(07:02 / Allies) VaIi: Yes
(07:06 / Allies) Fardado: gg
(07:07 / Allies) Fardado: m an
(07:13 / Allies) Fardado: lol
(07:18 / Allies) Fardado: stop being dumb
(07:24 / Allies) Fardado: do those towers matter ?
(07:50 / All) VaIi: fucking terrible luck creeping
(08:06 / All) VaIi: I'd normally be level 4 by now
(08:10 / All) Fardado: 4vs3
(08:11 / All) Fardado: leave plx
(08:28 / All) Motts: im lvl 5
(08:42 / All) VaIi: You're level 2
(08:44 / All) Fardado: gotcha
(08:51 / All) Fardado: im lvl 6
(09:33 / Allies) AUDUSD: blocked
(09:36 / Allies) Fardado: ;....
(09:44 / Allies) Fardado: get the burrow
(10:20 / Allies) starship-enterp: WOod green?
(10:20 / Allies) AUDUSD: I can ensure
(10:28 / Allies) VaIi: I warned you idiots about that expo earlier
(10:58 / Allies) Fardado: wtf
(11:01 / Allies) Fardado: careful
(11:07 / All) pbg12345: god
(11:12 / All) pbg12345: its 2x4
(11:16 / All) Fardado: lol
(11:17 / All) pbg12345: purp is so fucking horrible
(11:17 / All) pbg12345: omg
(11:18 / All) Fardado: leave
(11:20 / All) Fardado: then
(11:34 / 4) VaIi: stay, yellow and I are going to tk
(11:37 / 4) VaIi: don't leave
(11:48 / All) pbg12345: this team is pathetic
(11:54 / 4) VaIi: Don't leave, we will tk and give you the win
(12:05 / All) pbg12345: Lol
(12:06 / All) pbg12345: No u wont
(12:15 / 4) VaIi: don't fucking spill the beans in all chat
(12:38 / All) pbg12345: go ahead
(12:42 / All) pbg12345: u are useless
(12:42 / Allies) starship-enterp: y give it to me
(12:45 / All) starship-enterp: not yet tho lol
(12:52 / All) ahleen: gg orange lol
(12:54 / Allies) Fardado: b
(12:55 / Allies) Fardado: b
(12:56 / Allies) Fardado: b
(12:58 / All) ahleen: gay and idiot
(13:12 / Allies) Fardado: shit
(14:18 / Allies) Fardado: fuck
(14:20 / Allies) Fardado: u got raiders?°
(14:21 / Allies) Fardado: gg
(14:23 / Allies) Fardado: weregonna loose
(14:24 / Allies) starship-enterp: meet
(14:26 / Allies) starship-enterp: lets kill oj
(14:29 / All) pbg12345: nj again green
(14:55 / Allies) starship-enterp: meet
(15:21 / All) ahleen: gg orange will win hahahahha
(15:28 / All) Fardado: lol
(15:30 / All) Fardado: yeah i know
(15:31 / All) pbg12345: more towers noob
(15:32 / Allies) starship-enterp: meet
(15:36 / All) ahleen: he told me that
(15:37 / Allies) starship-enterp: hiot oj
(15:37 / All) pbg12345: they were great
(15:55 / All) ahleen: be careful hero level 3
(16:00 / All) ahleen: so he will win hahhaaha
(16:04 / 4) VaIi: we're hitting then tking right after
(16:22 / All) ahleen: heheheh raped
(16:27 / All) Motts: whats a tp?
(16:27 / All) pbg12345: i was wrong
(16:32 / All) pbg12345: its 1x4
(16:45 / All) ahleen: its 4V gay hahahhahah
(16:51 / All) starship-enterp: u suck oj
(16:58 / All) starship-enterp: red is ur mvp
(17:05 / All) Fardado: 200
(17:06 / All) Fardado: lol
(17:10 / All) Fardado: gg
(17:30 / All) Fardado: opO
(17:34 / Allies) Fardado: wtf
(17:36 / Allies) Fardado: whos
(17:37 / Allies) Fardado: killing em
(17:42 / All) starship-enterp: red #1
(17:43 / Allies) AUDUSD: yellow TK
(17:43 / Allies) Fardado: wtf
(18:08 / Allies) Fardado: yellow
(18:08 / Allies) Fardado: wtf
(18:09 / Allies) Fardado: man
(18:11 / All) starship-enterp: lawl
(18:12 / Allies) Fardado: im going to australia
(18:13 / All) starship-enterp: die pink die
(18:14 / Allies) Fardado: visit u
(18:18 / Allies) Fardado: =(
(18:18 / Allies) AUDUSD: blue TK too
(18:29 / All) starship-enterp: its us audusd
(18:31 / All) VaIi: We're the Battle.net Police
(18:33 / All) starship-enterp: lol
(18:36 / All) VaIi: We don't like crooks on our ladder
(18:36 / All) starship-enterp: standoff time!
(18:39 / All) Fardado: what did i do?
(18:39 / All) AUDUSD: I know
(18:42 / All) VaIi: We send them straight to Death Row
(18:56 / All) Fardado: red
(18:59 / All) Fardado: u with them?
(19:03 / All) Fardado: ...
(19:10 / All) starship-enterp: lol
(19:18 / All) starship-enterp: 3 weeks ago audusd called us australian niggers
(19:23 / All) starship-enterp: this is payback green
(19:23 / Allies) Fardado: i dont get it
(19:33 / All) starship-enterp: nothing personal
(19:34 / Allies) Fardado: wtf
(19:34 / Allies) Fardado: man
(19:35 / All) Motts: LOL
(19:35 / All) AUDUSD: you are not aussie dude
(19:41 / All) starship-enterp: green is our enemy
(19:41 / All) Fardado: ???
(19:42 / All) VaIi: lol
(19:43 / All) starship-enterp: he wronged us
(19:44 / All) Fardado: green
(19:47 / All) Fardado: im not
(19:49 / All) starship-enterp: feel free to kill our base red
(19:49 / All) Fardado: =,(
(19:53 / All) VaIi: Why isn't he an aussie mate?
(19:54 / All) Motts: ur my enemy pink
(20:13 / All) AUDUSD: I can tell retard is not aussie
(20:16 / All) Fardado: lol
(20:17 / All) Fardado: srsly?
(20:23 / All) Fardado: omg
(20:25 / All) starship-enterp: im from melbourne
(20:30 / All) Fardado: wc3 used to be a better game
(20:32 / All) starship-enterp: and i call pple mate
(20:43 / All) Motts: i had an afk a guy who tried to creep mine with towers and a normnal ally
(20:45 / All) AUDUSD: who cares stfu
(21:01 / All) starship-enterp: ur lucky we like red more, ausudud
(21:02 / All) Fardado: lol
(21:05 / All) AUDUSD: now I can wait and see how you waste your time
(21:06 / All) starship-enterp: or else we would put u in standoff
(21:10 / All) VaIi: If aussies can't be retards what are you green?
(21:35 / All) AUDUSD: show me how you fuck yourself mate
(21:45 / All) starship-enterp: u are very welcome red
(22:02 / All) starship-enterp: audusud everytime we face u, it always end like this
(22:06 / All) starship-enterp: bad for u, good for me and blue
(22:13 / All) AUDUSD: who cares
(22:25 / All) starship-enterp: obviously u do
(22:31 / All) starship-enterp: mr 7k games on 4 accounts
(22:43 / All) AUDUSD: everytime when I see retards like you two Then I know this would happen
(22:45 / All) starship-enterp: yes red kill me
(23:03 / All) VaIi: Finish my base too
(23:08 / All) AUDUSD: blue can not wait to fuck himself
(23:09 / All) VaIi: I got the towers at it at my bot left expo for you
(23:11 / All) starship-enterp: lol
(23:12 / All) AUDUSD: how about you yellow
(23:14 / All) starship-enterp: i have no idea why
(23:19 / All) starship-enterp: pink gave me archmage aura item
(23:22 / All) starship-enterp: when im an archmage
(23:29 / All) VaIi: Maybe he wanted inventory space
(23:34 / All) VaIi: and was planning to creep another high level hydra
(23:47 / All) VaIi: I like this map because you get a variety of short and long games and sweet items
(23:51 / All) VaIi: plus sunken ruins tileset
(24:02 / All) starship-enterp: sunken ruins was a zone in wow
(24:07 / All) starship-enterp: sunken temple i think
(24:25 / All) Motts: im a wc3 legend
(24:29 / All) starship-enterp: treu true
(24:32 / All) Motts: lol jk
(24:33 / All) AUDUSD: lol red
(24:39 / All) AUDUSD: you are very cute
(24:51 / All) Motts: fuck u green i hate u too
(24:53 / All) starship-enterp: green is pissed right now, red, he insulted our honor
(24:57 / All) starship-enterp: LOL
(24:58 / All) AUDUSD: I hope blue can bring his ass to you
(25:06 / All) AUDUSD: just like red
(25:08 / All) VaIi: You always play on that account red?
(25:14 / All) VaIi: We need to remember for the future
(25:16 / All) Motts: yes
(25:19 / All) VaIi: Good
(25:27 / All) Motts: or walter-white
(25:34 / All) starship-enterp: want tos earch with us? we search 4v4 together and do this
(25:36 / All) starship-enterp: i know that name
(25:37 / All) AUDUSD: But why you guys change accounts ?
(25:38 / All) starship-enterp: walter white
(25:42 / All) VaIi: We have to do it to match each other
(25:45 / All) starship-enterp: dont u at with better players
(25:47 / All) VaIi: 0-0 matches each other always
(25:52 / All) starship-enterp: cuz green we need to match each other
(25:55 / All) VaIi: but even 1-0 doesn't
(26:09 / All) starship-enterp: lets have archmage vs bloodmage battle rod
(26:19 / All) VaIi: k 1 sec
(26:23 / All) VaIi: lemme retrain
(26:32 / All) VaIi: siphon useless on an allied unit
(26:37 / All) starship-enterp: ill give u aura item so its fair
(26:48 / All) VaIi: k
(26:52 / All) VaIi: wtf
(26:52 / All) AUDUSD: reset skills
(26:53 / All) VaIi: aura item
(26:54 / All) VaIi: stop
(27:03 / All) starship-enterp: kill our bases red
(27:14 / All) Motts: workin on it
(27:57 / All) starship-enterp: die aldos
(28:16 / All) Motts: what u guys doin?
(28:19 / All) AUDUSD: blue and yellow just like homos
(28:20 / All) starship-enterp: i always think im safe when u banis me
(28:22 / All) starship-enterp: having a duel
(28:30 / All) starship-enterp: wasting greens time
(28:40 / All) starship-enterp: almost over
(28:40 / All) AUDUSD: lol
(28:52 / All) AUDUSD: lets see how you go
(29:04 / All) Motts: where are u guys?
(29:05 / All) starship-enterp: god
(29:06 / All) AUDUSD: lol
(29:07 / All) starship-enterp: dead now
(29:12 / All) Motts: both?
(29:13 / All) AUDUSD: yellow's hero died
(29:13 / All) VaIi: That was a pro duel
(29:18 / All) VaIi: We dueld our heroes
(29:22 / All) VaIi: he kept abusing invulnerability lawl
(29:25 / All) Motts: where
(29:25 / All) VaIi: had a bunch of potions
(29:26 / All) starship-enterp: which he always is in our games
(29:32 / All) starship-enterp: bottom rihgt dead now
(29:35 / All) VaIi: Our fight was near the goblin shop
(29:35 / All) AUDUSD: blue is comong
(29:51 / All) AUDUSD: you should have fight with red at lears BLUE
(29:51 / All) VaIi: No I'm just creeping
(30:06 / All) VaIi: At lears? Is that some aussie slang?
(30:12 / All) starship-enterp: i got no hero to control now
(30:19 / All) starship-enterp: i am in the same role as green
(30:23 / All) AUDUSD: take blue's hero
(30:28 / All) VaIi: Yeah take my hero
(30:30 / All) starship-enterp: the role of retard
(30:48 / All) AUDUSD: share control mate
(30:51 / All) AUDUSD: you can do it
(31:04 / All) AUDUSD: yellow can do it
(31:20 / All) starship-enterp: i used to be able to fast expo on this map in 3 min
(31:33 / All) starship-enterp: solo
(31:35 / All) starship-enterp: with no units
(31:45 / All) VaIi: Just bottom left expo in the middle
(31:53 / All) VaIi: That critter trick was pro but a lot of work
(31:55 / All) starship-enterp: u earned this win red
(32:01 / All) starship-enterp: u are a god compared to dumb green
(32:10 / All) starship-enterp: green is a peasant compared to u
(32:49 / All) starship-enterp: finish last building red
(32:52 / All) starship-enterp: we will search again
(32:53 / All) starship-enterp: after
(32:54 / All) Motts: where
(32:59 / All) starship-enterp: bott left expo
(33:05 / All) starship-enterp: audusd has control now
(33:06 / All) Motts: k ty
(33:15 / All) starship-enterp: so kill his hero
(33:21 / All) VaIi: wtf
(33:22 / All) VaIi: Nay
(33:25 / All) VaIi: my bm lives to the end
(33:35 / All) starship-enterp: nothing we can do now lol
(33:37 / All) Motts: fomer
(33:56 / All) starship-enterp: aldos firestar shall live
(34:05 / All) starship-enterp: audusd are u gonna search again
(34:36 / All) starship-enterp: oj was a bitch to deal with this game